 Dungeon Crawl Stone Soup version 0.27.1-1-g398f81649c (webtiles) character file.

Game seed: 12231246057276134604

5230 Descartes the Grappler (level 10, -5/88 HPs)
             Began as a Troll Delver on Sept 8, 2021.
             Slain by a troll (14 damage)
             ... on level 8 of the Dungeon.
             The game lasted 00:13:03 (7378 turns).

Descartes the Grappler (Troll Delver)               Turns: 7378, Time: 00:13:04

Health: -5/88      AC:  8    Str: 20 (22) XL:     10   Next: 35%
Magic:  9/9        EV: 12    Int: -2 (1)  God:
Gold:   422        SH:  9    Dex: 13 (14) Spells: 9/9 levels left

rFire    . . .     SeeInvis .     - Unarmed
rCold    + . .     Faith    .   A - +0 kite shield
rNeg     . . .     Spirit   .   G - +2 animal skin
rPois    +         Reflect  .   (helmet restricted)
rElec    +         Harm     .   C - +1 cloak
rCorr    .         Rampage  .   (gloves unavailable)
Will     .....                  (boots unavailable)
Stlth    +.........             q - amulet of magic regeneration
HPRegen  1.24/turn              i - ring of Salvation {rElec rPois rC+ Int-5 Stlth-}
MPRegen  0.36/turn              (no ring)

@: unable to read, slowed, lost intelligence, very slow
A: large, unfitting armour, claws 3, regeneration 1, shaggy fur 1, tough skin 1,
electricity resistance, inability to read while threatened
a: no special abilities


You were on level 8 of the Dungeon.
You visited 2 branches of the dungeon, and saw 10 of its levels.

You collected 422 gold pieces.

Inventory:

Hand Weapons
 E - the +4 mace "Beetlebane" {drain, *Slow rElec rC+ Str+6}
   (You found it on level 6 of the Dungeon)

   A truly terrible weapon, it drains the life of any living foe it strikes.
   Str:       It affects your strength (+6).
   rC:        It protects you from cold.
   rElec:     It insulates you from electricity.
   *Slow:     It may slow you when you take damage.
Missiles
 e - 3 large rocks
 g - 17 sling bullets
 t - 2 atropa-tipped darts
 v - 300 stones (quivered)
 y - 10 boomerangs
 H - 13 poisoned darts
 I - a throwing net
Armour
 A - a +0 kite shield (worn)
 C - a +1 cloak (worn)
 G - a +2 animal skin (worn)
Jewellery
 i - the ring of Salvation (left claw) {rElec rPois rC+ Int-5 Stlth-}
   (You acquired it on level 5 of the Dungeon)

   [ring of protection from cold]

   Int:       It affects your intelligence (-5).
   rC:        It protects you from cold.
   rElec:     It insulates you from electricity.
   rPois:     It protects you from poison.
   Stlth:     It makes you less stealthy.
 q - an amulet of magic regeneration (around neck)
 L - a ring of fire
Wands
 a - a wand of iceblast (4)
 f - a wand of digging (12)
 B - a wand of mindburst (40)
Scrolls
 b - 2 scrolls of fog
 c - 4 scrolls of magic mapping
 d - 2 scrolls of fear
 m - 2 scrolls of noise {unknown}
 n - a scroll of enchant weapon
 o - 3 scrolls of blinking
 r - 2 scrolls of silence {unknown}
 s - a scroll of amnesia {unknown}
 u - a scroll of enchant armour {unknown}
 F - 2 scrolls of identify
 J - a scroll of teleportation {unknown}
 K - a scroll of acquirement
Potions
 h - a potion of curing {unknown}
 j - a potion of might {unknown}
 k - a potion of lignification {unknown}
 l - a potion of ambrosia {unknown}
 p - a potion of resistance {unknown}
 w - a potion of degeneration
 x - 2 potions of magic
 z - a potion of attraction {unknown}
 D - a potion of brilliance {unknown}


   Skills:
 - Level 2.4 Fighting
 + Level 8.5 Dodging
 - Level 2.7 Stealth
 + Level 5.2 Shields
 + Level 10.1 Unarmed Combat


You had 9 spell levels left.
You didn't know any spells.
Your spell library contained the following spells:

 Spells                   Type           Power      Damage    Failure   Level
 Slow                     Hex            0%         N/A       95%         2
 Confusing Touch          Hex            0%         N/A       99%         3
 Gell's Gravitas          Tloc           0%         N/A       99%         3
 Lesser Beckoning         Tloc           0%         N/A       99%         3
 Teleport Other           Tloc           0%         N/A       99%         3
 Vampiric Draining        Necr           0%         2d6       99%         3
 Iskenderun's Battlesphe  Conj           0%         2d6       100%        5
 Iron Shot                Conj/Erth      0%         9d1       100%        6
 Spellforged Servitor     Conj/Summ      0%         N/A       100%        7


Dungeon Overview and Level Annotations

Branches:
Dungeon (9/15)             Temple (1/1) D:5
   Lair: D:8-11         Orc: D:9-12

Altars:
Ashenzari
Cheibriados
Dithmenos
Elyvilon
Fedhas
Gozag
Hepliaklqana
Kikubaaqudgha
Makhleb
Nemelex Xobeh
Okawaru
Qazlal
Ru
Sif Muna
Trog
Uskayaw
Vehumet
Wu Jian
Xom
Yredelemnul
Zin
The Shining One


Innate Abilities, Weirdness & Mutations

You are too large for most types of armour.
You have claws for hands.
Your natural rate of healing is unusually fast.
You are covered in fur. (AC +1)
You have tough skin. (AC +1)
You are resistant to electric shocks. (rElec)
You sometimes lose the ability to read scrolls when taking damage.


Message History

The troll bites you! The troll claws you but does no damage.
The troll closely misses you. You block the wraith's attack.
There is a stone staircase leading up here.
The troll closely misses you. You block the troll's attack. x2
The wraith hits you. The wraith drains your vigour!
You feel as though you will be slow longer.
The troll bites you!
* * * LOW HITPOINT WARNING * * *
The troll closely misses you. You block the troll's attack.
The wraith hits you.
* * * LOW HITPOINT WARNING * * *
The wraith drains your vigour!
You feel as though you will be slow longer.
You climb upwards.
There is a stone staircase leading down here.
The wraith completely misses you. The wraith barely misses you.
The troll closely misses you. You block the troll's attack.
The troll misses you. The wraith hits you.
* * * LOW HITPOINT WARNING * * *
The troll bites you.
You feel threatened and lose the ability to read scrolls!
* * * LOW HITPOINT WARNING * * *
The troll barely misses you. x2; You block the wraith's attack.
The troll bites you but does no damage. The troll claws you but does no damage.
You block the troll's attack. The wraith hits you.
* * * LOW HITPOINT WARNING * * *
You can read scrolls again.
The troll barely misses you. You block the troll's attack. The troll claws you!
You feel threatened and lose the ability to read scrolls!
* * * LOW HITPOINT WARNING * * *
The troll bites you but does no damage. The troll closely misses you. x2
The troll bites you!
* * * LOW HITPOINT WARNING * * *
The troll claws you!
* * * LOW HITPOINT WARNING * * *
You block the troll's attack.
There is a stone staircase leading up, spattered with blood here.
The troll misses you. x2; You block the troll's attack.
The troll bites you!
You die...

## ##.......## #.# #
##.#....#### #^# #
#.##......# #.# #
#.####.##.# #.# # ##+##
#.##.# #.# #
##...###.##.###.# ####
##.....##W.......# ##.##
##.......#T##.#.###
#...####......).@.##....##
.......'.......<.........#
....####..........##....##
##..# ##.......#.##.#.###
###.# ##.....##.##.....#
###.# ##...###......#.#
....# ##+## ########.#
###.# #.# #.# ....# #.#
#.#


You could see a troll and a wraith.

Vanquished Creatures
  A cyclops (D:8)
  Maurice (D:8)
  A troll (D:8)
  A hornet (D:6)
  2 shadows (D:9)
  Edmund (D:4)
  3 water moccasins
  2 acid dragons (D:8)
  An orc warrior (D:7)
  A black bear (D:4)
  3 ogres
  A sky beast (D:7)
  2 necrophages (D:5)
  3 centaurs
  A scorpion (D:4)
  2 wyvern zombies
  A water moccasin skeleton (D:5)
  8 wights
  11 killer bees
  4 howler monkeys
  A bullfrog zombie (D:5)
  2 orc priests
  2 jellies
  A bullfrog skeleton (D:5)
  2 gnoll shamans
  4 hounds
  A centaur skeleton (D:7)
  Natasha (thrice) (D:4)
  2 iguanas
  5 orc wizards
  A scorpion zombie (D:5)
  A killer bee zombie (D:8)
  A hound skeleton (D:5)
  Robin (D:4)
  9 gnolls
  8 adders
  A shadow imp (D:7)
  3 white imps
  3 adder skeletons
  An adder zombie (D:3)
  A worm (D:2)
  5 dart slugs
  23 orcs
  7 ball pythons
  3 endoplasms
  6 goblins
  13 hobgoblins
  7 jackals
  4 quokkas
  2 ball python skeletons (D:2)
  3 bats (D:3)
  2 frilled lizards (D:1)
  7 kobolds
  A quokka skeleton (D:2)
  A quokka zombie (D:2)
  2 rats (D:1)
189 creatures vanquished.

Vanquished Creatures (others)
  A withered plant (D:2)
1 creature vanquished.

Grand Total: 190 creatures vanquished

Notes
Turn   | Place    | Note
-------+----------+-------------------------------------------
     0 | D:5      | Descartes the Troll Delver began the quest for the Orb.
     0 | D:5      | Reached XP level 1. HP: 22/22 MP: 0/0
    16 | D:5      | Found a staircase to the Ecumenical Temple.
    34 | D:5      | Reached XP level 2. HP: 24/29 MP: 1/1
    40 | Temple   | Entered the Ecumenical Temple
   380 | D:5      | Noticed a necrophage
   387 | D:5      | Killed a necrophage
   388 | D:5      | Reached skill level 3 in Unarmed Combat
   388 | D:5      | Reached XP level 3. HP: 30/36 MP: 2/2
   388 | D:5      | Reached XP level 4. HP: 37/44 MP: 3/3
   413 | D:5      | Noticed a black bear
   419 | D:5      | Reached skill level 4 in Unarmed Combat
   419 | D:5      | Reached XP level 5. HP: 14/50 MP: 4/4
   660 | D:4      | Noticed an ogre
   666 | D:4      | Killed an ogre
   667 | D:4      | Reached XP level 6. HP: 48/59 MP: 5/5
   866 | D:4      | Noticed Edmund
   900 | D:4      | Killed Edmund
   901 | D:4      | Reached skill level 5 in Unarmed Combat
  1043 | D:4      | Noticed Robin
  1066 | D:4      | Killed Robin
  1139 | D:4      | Found a snail-covered altar of Cheibriados.
  1139 | D:4      | Found a glowing silver altar of Zin.
  1145 | D:4      | Reached XP level 7. HP: 59/66 MP: 6/6
  1155 | D:4      | Noticed Natasha
  1160 | D:4      | Killed Natasha
  1167 | D:4      | Noticed Natasha
  1173 | D:4      | Killed Natasha
  1298 | D:4      | Noticed Natasha
  1300 | D:4      | Killed Natasha
  1529 | D:3      | Reached skill level 6 in Unarmed Combat
  1627 | D:3      | Reached skill level 5 in Dodging
  1682 | D:3      | Found a faded altar of an unknown god.
  3819 | D:5      | Reached skill level 7 in Unarmed Combat
  3819 | D:5      | Reached XP level 8. HP: 54/74 MP: 7/7
  4367 | D:6      | Reached skill level 8 in Unarmed Combat
  4384 | D:6      | Found a sparkling altar of Nemelex Xobeh.
  4401 | D:6      | Reached skill level 1 in Shields
  4478 | D:6      | Identified the +4 mace "Beetlebane" {drain, *Slow rElec rC+
                  | Str+6}
  4480 | D:6      | Noticed a hornet
  4627 | D:7      | Found a radiant altar of Vehumet.
  4635 | D:7      | Reached XP level 9. HP: 64/80 MP: 8/8
  4743 | D:5      | Identified a scroll of acquirement
  4744 | D:5      | Acquired the ring of Salvation {rElec rPois rC+ Int-5
                  | Stlth-}
  5041 | D:7      | Found a white marble altar of Elyvilon.
  5124 | D:7      | Reached skill level 9 in Unarmed Combat
  5407 | D:7      | Found an ornate altar of the Wu Jian Council.
  5578 | D:6      | Paralysed by a hornet for 3 turns
  5918 | D:4      | Gained mutation: You occasionally shout uncontrollably at
                  | your foes. [potion of mutation]
  5918 | D:4      | Gained mutation: You are resistant to electric shocks.
                  | (rElec) [potion of mutation]
  5919 | D:4      | Lost mutation: You occasionally shout uncontrollably at
                  | your foes. [potion of mutation]
  5919 | D:4      | Gained mutation: You sometimes lose the ability to read
                  | scrolls when taking damage. [potion of mutation]
  6176 | D:8      | Noticed Maurice
  6197 | D:8      | Killed Maurice
  6593 | D:8      | Noticed a cyclops
  6610 | D:8      | HP: 3/80 [killer bee (7)]
  6610 | D:8      | HP: 1/80 [killer bee (2)]
  6616 | D:8      | Reached XP level 10. HP: 22/88 MP: 9/9
  6633 | D:8      | Killed a cyclops
  7191 | D:9      | Reached skill level 5 in Shields
  7191 | D:9      | Reached skill level 10 in Unarmed Combat
  7348 | D:9      | Lost intelligence.
  7378 | D:8      | Slain by a troll

Illustrated notes

Levels and vault maps discovered:
D:1:      amcnicky_arrival_underground_garden, layout_rooms, serial_rivers,
          chequers_serial_rivers_micro_c, chequers_serial_rivers_micro_a,
          chequers_serial_rivers_micro_b, chequers_serial_rivers_micro_c
D:2:      layout_loops_ring, serial_undead, serial_undead_e, serial_undead_a,
          serial_undead_b, serial_undead_d, corner_web_ring, feat_on_display
D:3:      layout_basic, hellmonk_ecumenical_altar_dog_temple
D:4:      layout_basic, grunt_temple_overflow_open,
          chequers_serial_rivers_room_b, uniq_robin, uniq_natasha, uniq_edmund
D:5:      corexii_shack_village, layout_basic, minmay_temple_entry_waves,
          minmay_pentangle
D:6:      layout_cave_pools, lemuel_tele_altar
D:7:      layout_loops_ring, nzn_wu_jian_contemplation, kennysheep_mini_moat,
          vehumet_crystals, chequers_serial_rivers_room_b
D:8:      layout_loops_corners, uniq_maurice
D:9:      layout_rooms, nicolae_alphabet_shops
Temple:   eino_temple_scatter_basement

Skill      XL: |  1  2  3  4  5  6  7  8  9 10 |
---------------+-------------------------------+-----
Dodging        | 2 3 4 5 6 8 |  8.5
Unarmed Combat | 3 4 5 7 8 9 10 | 10.1
Shields        | 2 4 5 |  5.2
Fighting       | |  2.4
Stealth        | |  2.7

Action                   |  1- 3 |  4- 6 |  7- 9 | 10-12 || total
-------------------------+-------+-------+-------+-------++-------
Melee: Unarmed           |    49 |   101 |   465 |    78 ||   693
       Punch             |       |     1 |     2 |       ||     3
  Use: Scroll            |       |       |     7 |       ||     7
       Potion            |       |       |     3 |     4 ||     7
 Stab: Sleeping          |     1 |     3 |    10 |       ||    14
       Distracted        |       |       |     1 |       ||     1
Armor: Robe              |    20 |    27 |    94 |       ||   141
       Animal skin       |       |       |    29 |    27 ||    56
Dodge: Dodged            |    27 |    49 |   226 |    59 ||   361
Block: Kite shield       |       |       |   127 |    61 ||   188
